 Dungeon Crawl Stone Soup version 0.31-a0-177-g4aa6249778 (webtiles) character file.

Game seed: 11873190896955963795

555 qw the Shooter (level 7, -2/66 HPs)
             Began as a Naga Hunter on June 18, 2023.
             Slain by an orc warrior
             ... wielding a +0 dire flail
              (20 damage)
             ... on level 4 of the Dungeon.
             The game lasted 00:01:03 (3186 turns).

qw the Shooter (Naga Hunter)                        Turns: 3186, Time: 00:01:04

Health: -2/66      AC:  6    Str: 14    XL:     7   Next: 30%
Magic:  7/7        EV:  9    Int:  9    God:
Gold:   66         SH:  0    Dex: 16    Spells: 6/6 levels left

rFire   . . .        Y - +0 shortbow (drain)
rCold   . . .        (shield currently unavailable)
rNeg    . . .        c - +0 leather armour
rPois   +            (no helmet)
rElec   .            i - +2 cloak {rPois}
rCorr   .            (no gloves)
SInv    +            (no barding)
Will    .....        b - amulet of the acrobat
Stlth   ++           (no ring)
HPRegen 0.31/turn    (no ring)
MPRegen 0.10/turn

%: acrobat
@: very slow
A: AC +2, large, see invisible, deformed body, poison resistance, slowness 2,
spit poison 1, naga tail 1
a: Spit Poison


You were on level 4 of the Dungeon.
You visited 1 branch of the dungeon, and saw 4 of its levels.

You collected 178 gold pieces.
You spent 112 gold pieces at shops.


Innate Abilities, Weirdness & Mutations

Your serpentine skin is tough. (AC +2)
You have supernaturally acute eyesight. (SInv)
Armour fits poorly on your strangely shaped body.
Your system is resistant to poisons. (rPois)
You cover ground very slowly.
You can spit poison.
You have a snake-like lower body.


   Skills:
 - Level 4.7 Fighting
 + Level 6.7 Ranged Weapons
 - Level 1.5 Dodging
 - Level 1.5 Stealth


You had 6 spell levels left.
You didn't know any spells.
Your spell library was empty.

Inventory:

Hand Weapons
 Y - a +0 shortbow of draining (weapon)
Armour
 c - a +0 leather armour (worn)
 i - a +2 cloak of poison resistance (worn)
Jewellery
 b - an amulet of the acrobat (around neck)
 k - a ring of ice
 l - a +5 ring of evasion
Scrolls
 a - 8 scrolls of identify
 d - a scroll of amnesia {unknown}
 h - a scroll of teleportation
 j - a scroll of enchant weapon {unknown}
Potions
 e - a potion of curing {unknown}
 f - a potion of enlightenment
 g - a potion of haste

Dungeon Overview and Level Annotations

Branches:
Dungeon (4/15)
 Temple: D:4-7

Altars:
Cheibriados
Nemelex Xobeh

Shops:
D:3 =   D:4 ?

Annotations:
D:4 3 runed translucent doors, qw's ghost, amateur GrFi


Message History

The orc wizard is heavily wounded.
You hear a shout!
An orc priest comes into view. It is wielding a +0 flail.
3176 ||| Stepping ~*~*~tactically~*~*~ (outnumbered).
You have got your breath back.
The orc wizard points at you and mumbles some strange words.
You are confused.
The orc closely misses you. The orc closely misses you.
The orc priest casts a cantrip, but nothing happens.
The orc warrior completely misses you.
The orc priest mumbles some strange prayers to Beogh against you.
Beogh smites you! The orc warrior closely misses you.
The orc wizard hits you with a +2 dagger of electrocution.
You are electrocuted!
The orc priest looks braver for a moment.
The orc barely misses you.
The orc warrior hits you with a +0 dire flail!
You feel less confused.
The orc wizard looks more healthy.
The orc wizard gestures at you while chanting.
You easily resist.
The orc completely misses you. The orc warrior closely misses you.
3184 ||| INVOKING Spit Poison.
Aiming: Spit Poison (1% risk of failure)
Press: ? - help, Shift-Dir - straight line, f/p - orc wizard The splash of poison hits the orc wizard!
The orc wizard is poisoned.
You kill the orc wizard!
The orc closely misses you. The orc warrior closely misses you.
You shoot an arrow. The arrow hits the orc priest.
The orc priest is lightly wounded.
The orc priest completely misses you. The orc hits you but does no damage.
The orc warrior hits you with a +0 dire flail!
You shoot an arrow. The arrow barely misses the orc priest.
You have got your breath back.
The orc priest begins to cast a cantrip, but forgets the words!
The orc hits you with a +0 mace.
The orc warrior hits you with a +0 dire flail!!
You die...

..........## #..# #
#...###.## ##.######
##...##.# #####..##
#####......# ##.}.##..#
...........####.#.#.#...
#....#####..##...#.K+..#
[...# ##).#...KKK+..#
#.o####..# .K#KW+.##
#.o@.###.##.#K#K#.##
#....o#......##.KK##...
#...#####..##.#####....
.... #.###..###..##. ...
#.# ##..##..... #. .##
##.#...... . ##.
#....#... #..#
###..#....
.#..####.........


You could see an orc warrior, an orc priest and an orc.

Vanquished Creatures
  A black bear (D:4)
  An ogre (D:4)
  A phantom (D:4)
  A scorpion (D:4)
  A jelly (D:4)
  A hound (D:4)
  An iguana (D:4)
  An orc wizard (D:4)
  4 adders (D:3)
  3 worms
  3 dart slugs (D:4)
  3 orcs (D:3)
  8 endoplasms
  8 giant cockroaches
  6 goblins
  7 hobgoblins
  4 jackals (D:2)
  6 kobolds
  A quokka (D:3)
  5 ball pythons
  4 bats
  2 frilled lizards (D:1)
  7 rats
79 creatures vanquished.

Notes
Turn   | Place    | Note
-------+----------+-------------------------------------------
     0 | D:1      | qw the Naga Hunter began the quest for the Orb.
     0 | D:1      | Reached XP level 1. HP: 19/19 MP: 1/1
     0 | D:1      | 0 ||| qw: Version: 0.3-a-5-g6f28e65
     0 | D:1      | 0 ||| qw: Game counter: 560
     0 | D:1      | 0 ||| qw: Always use a shield: true
     0 | D:1      | 0 ||| qw: God list: Okawaru
     0 | D:1      | 0 ||| qw: Allow faded altars: false
     0 | D:1      | 0 ||| qw: Do Orc after D:15 true
     0 | D:1      | 0 ||| qw: Do second Lair branch before Depths: true
     0 | D:1      | 0 ||| qw: Lair rune preference: random
     0 | D:1      | 0 ||| qw: Plans: Normal
     0 | D:1      | 0 ||| PLANNING D:1-11
    33 | D:1      | 33 ||| INVOKING Spit Poison.
   123 | D:1      | 123 ||| INVOKING Spit Poison.
   127 | D:1      | 127 ||| INVOKING Spit Poison.
   197 | D:1      | 197 ||| INVOKING Spit Poison.
   198 | D:1      | Reached skill level 4 in Ranged Weapons
   198 | D:1      | Reached XP level 2. HP: 26/26 MP: 2/2
   249 | D:1      | 249 ||| INVOKING Spit Poison.
   279 | D:1      | 279 ||| INVOKING Spit Poison.
   299 | D:1      | 299 ||| INVOKING Spit Poison.
   316 | D:1      | 316 ||| INVOKING Spit Poison.
   320 | D:1      | 320 ||| INVOKING Spit Poison.
   321 | D:1      | Reached XP level 3. HP: 30/32 MP: 3/3
   407 | D:1      | 407 ||| READING 2 scrolls labelled JINUAJ ZAPTALE.
   408 | D:1      | 408 ||| READING scroll labelled ILUCVY LEKHLA.
   409 | D:1      | 409 ||| READING scroll labelled XOIWIL YTIEWA.
   410 | D:1      | 410 ||| DRINKING 2 fuming brown potions.
   411 | D:1      | 411 ||| DROPPING scroll of butterflies.
   454 | D:2      | 454 ||| INVOKING Spit Poison.
   481 | D:2      | 481 ||| INVOKING Spit Poison.
   486 | D:2      | 486 ||| INVOKING Spit Poison.
   523 | D:2      | 523 ||| INVOKING Spit Poison.
   633 | D:2      | 633 ||| INVOKING Spit Poison.
   691 | D:2      | 691 ||| INVOKING Spit Poison.
   695 | D:2      | 695 ||| INVOKING Spit Poison.
   757 | D:2      | 757 ||| INVOKING Spit Poison.
   781 | D:2      | 781 ||| INVOKING Spit Poison.
   826 | D:2      | 826 ||| INVOKING Spit Poison.
   888 | D:2      | 888 ||| INVOKING Spit Poison.
   990 | D:2      | 990 ||| INVOKING Spit Poison.
   995 | D:2      | 995 ||| INVOKING Spit Poison.
  1080 | D:2      | 1080 ||| READING scroll labelled SOJAZI BONWUE.
  1085 | D:2      | 1085 ||| READING scroll labelled DEBORIBOEM.
  1098 | D:3      | 1098 ||| INVOKING Spit Poison.
  1111 | D:3      | 1111 ||| INVOKING Spit Poison.
  1113 | D:3      | Reached skill level 5 in Ranged Weapons
  1113 | D:3      | Reached XP level 4. HP: 39/39 MP: 4/4
  1117 | D:3      | 1117 ||| INVOKING Spit Poison.
  1230 | D:3      | 1230 ||| INVOKING Spit Poison.
  1272 | D:3      | 1272 ||| INVOKING Spit Poison.
  1278 | D:3      | 1278 ||| INVOKING Spit Poison.
  1295 | D:3      | 1295 ||| INVOKING Spit Poison.
  1341 | D:3      | Identified the +0 chain mail of the Camelopard {+Inv Fly
                  | rElec rPois Str-5}
  1398 | D:3      | 1398 ||| INVOKING Spit Poison.
  1403 | D:3      | Reached skill level 3 in Fighting
  1446 | D:3      | Found Jenao's Jewellery Boutique.
  1456 | D:3      | 1456 ||| SHOPLISTING +5 ring of evasion (396 gold, have
                  | 118).
  1456 | D:3      | 1456 ||| SHOPLISTING amulet "Xuyne" {RegenMP Harm rC++
                  | Will+ Str-2} (614 gold, have 118).
  1456 | D:3      | 1456 ||| SHOPLISTING amulet of faith (440 gold, have 118).
  1456 | D:3      | 1456 ||| SHOPLISTING amulet of regeneration (330 gold, have
                  | 118).
  1456 | D:3      | 1456 ||| SHOPLISTING ring of protection from cold (275
                  | gold, have 118).
  1456 | D:3      | 1456 ||| SHOPLISTING ring of resist corrosion (220 gold,
                  | have 118).
  1456 | D:3      | 1456 ||| SHOPLISTING ring of the Suburbs {rElec EV+5 Str+4
                  | SInv} (688 gold, have 118).
  1753 | D:3      | 1753 ||| INVOKING Spit Poison.
  1771 | D:3      | Found a snail-covered altar of Cheibriados.
  1780 | D:3      | 1780 ||| INVOKING Spit Poison.
  1829 | D:3      | 1829 ||| INVOKING Spit Poison.
  1878 | D:3      | 1878 ||| READING scroll of brand weapon.
  1878 | D:3      | 1878 ||| BRANDING +0 shortbow of freezing.
  1903 | D:3      | 1903 ||| INVOKING Spit Poison.
  1921 | D:3      | Found a sparkling altar of Nemelex Xobeh.
  2094 | D:3      | 2094 ||| UPGRADING to +2 cloak of poison resistance.
  2099 | D:3      | 2099 ||| UPGRADING to amulet of the acrobat.
  2104 | D:3      | 2104 ||| READING scroll labelled DIER QAUREERUWUA.
  2105 | D:3      | 2105 ||| DRINKING 2 golden potions.
  2127 | D:4      | Found Ittarpha's Magic Scroll Emporium.
  2134 | D:4      | 2134 ||| BUYING 3 scrolls of identify (84 gold).
  2134 | D:4      | Bought 3 scrolls of identify for 84 gold pieces
  2134 | D:4      | 2134 ||| SHOPLISTING scroll of enchant armour (105 gold,
                  | have 61).
  2134 | D:4      | 2134 ||| BUYING scroll of identify (28 gold).
  2134 | D:4      | Bought a scroll of identify for 28 gold pieces
  2134 | D:4      | 2134 ||| SHOPLISTING scroll of teleportation (42 gold, have
                  | 33).
  2221 | D:4      | 2221 ||| INVOKING Spit Poison.
  2245 | D:4      | Reached XP level 5. HP: 49/49 MP: 5/5
  2311 | D:4      | Noticed a phantom
  2321 | D:4      | 2321 ||| INVOKING Spit Poison.
  2324 | D:4      | 2324 ||| INVOKING Spit Poison.
  2336 | D:4      | Killed a phantom
  2337 | D:4      | Reached skill level 6 in Ranged Weapons
  2485 | D:4      | 2485 ||| INVOKING Spit Poison.
  2486 | D:4      | Reached XP level 6. HP: 56/56 MP: 6/6
  2497 | D:4      | 2497 ||| INVOKING Spit Poison.
  2542 | D:4      | 2542 ||| INVOKING Spit Poison.
  2547 | D:4      | 2547 ||| INVOKING Spit Poison.
  2574 | D:4      | 2574 ||| INVOKING Spit Poison.
  2597 | D:4      | 2597 ||| INVOKING Spit Poison.
  2625 | D:4      | 2625 ||| INVOKING Spit Poison.
  2769 | D:4      | 2769 ||| INVOKING Spit Poison.
  2771 | D:4      | Noticed a black bear
  2774 | D:4      | 2774 ||| INVOKING Spit Poison.
  2779 | D:4      | 2779 ||| INVOKING Spit Poison.
  2779 | D:4      | Killed a black bear
  2780 | D:4      | Reached XP level 7. HP: 53/66 MP: 7/7
  2856 | D:4      | 2856 ||| INVOKING Spit Poison.
  3036 | D:4      | 3036 ||| INVOKING Spit Poison.
  3139 | D:4      | Found a runed translucent gate.
  3139 | D:4      | Found a runed translucent gate.
  3148 | D:4      | Found a runed translucent gate.
  3148 | D:4      | Noticed qw's ghost (amateur GrFi)
  3175 | D:4      | 3175 ||| INVOKING Spit Poison.
  3176 | D:4      | 3176 ||| Stepping ~*~*~tactically~*~*~ (outnumbered).
  3184 | D:4      | 3184 ||| INVOKING Spit Poison.
  3186 | D:4      | Slain by an orc warrior

Levels and vault maps discovered:
D:1:      amcnicky_arrival_wind_blow, layout_basic, serial_bayou_pond_d,
          minmay_misc_feat_plants
D:2:      layout_basic, nrook_mini_backslash
D:3:      layout_basic, nemelex_dance_club_becter, mainiacjoe_overflow_24_doors,
          serial_shops, nicolae_lakefront_shop, kennysheep_generic_room_6
D:4:      layout_layer_cave, gammafunk_ghost_nasty_kobolds, serial_shops, shop

Skill      XL: |  1  2  3  4  5  6 |
---------------+-------------------+-----
Ranged Weapons | 4 5 6 |  6.7
Fighting       | 3 4 |  4.7
Dodging        | |  1.5
Stealth        | |  1.5

Action                     |  1- 3 |  4- 6 |  7- 9 || total
---------------------------+-------+-------+-------++-------
   Fire: Shortbow          |    67 |    86 |     6 ||   159
Ability: Spit Poison       |    24 |    23 |     4 ||    51
    Use: Scroll            |     5 |     2 |       ||     7
         Potion            |     1 |     1 |       ||     2
 Armour: Leather armour    |     2 |    18 |     1 ||    21
  Dodge: Dodged            |     3 |    13 |    10 ||    26

Table legend:
 A = Non-vault XP
 B = Vault XP
 C = Vault XP percentage of total XP
 D = Non-vault monster count
 E = Vault monster count
 F = Vault count percentage of total count
                 A         B        C        D         E       F
            +---------+---------+-------+---------+---------+-------
      Total |     761 |      33 |   4.2 |      74 |       5 |   6.3
            +---------+---------+-------+---------+---------+-------
        D:1 |      34 |       0 |   0.0 |      21 |       0 |   0.0
        D:2 |      43 |       0 |   0.0 |      24 |       0 |   0.0
        D:3 |      47 |      33 |  41.2 |      11 |       5 |  31.2
        D:4 |     637 |       0 |   0.0 |      18 |       0 |   0.0
            +---------+---------+-------+---------+---------+-------
